Match 43132210
Unlisted

Match 43132210
End
Kradschützen Motorcycle Team
Selects Italian Combined Arms Battlegroup
Selects Bersaglieri Squad
Bersaglieri Squad
Bersaglieri Squad
Bersaglieri Squad
Construct Light Support Kompanie
2.5-tonne Medical Truck
Fire Support Elements
Selects Bersaglieri Bolster
Flakvierling Half-track
Assault Mechanized Group
Selects Semovente da 75/18 Assault Gun
Selects Strafing Run
Construct Panzerarmee Kommand
Selects Vehicle Support - Force Recon
Walking Stuka Rocket Launcher
Selects Artillery Cover
Artillery Cover
Panzerpioneer Squad
Panzerpioneer Squad
Strafing Run
Pak 38 Anti-tank Gun Team
Strafing Run
Panzer III L Medium Tank
Tungsten Core Ammunition
Strafing Run
Flak 36 Anti-tank Gun Team
Strafing Run
Armored Reserves
DaRtH VaDeRX2020
insanepiglet
majintal excumuration
.
Farsurem
Insurmountable Odds
와 시바 아이디 또해킹당했노
CppMonster
0
0

Comments sign in to comment!

No comments posted yet!